Match 42371523
Unlisted

Match 42371523
End
Kradschützen Motorcycle Team
Selects Panzerjäger Kommand Battlegroup
Selects Mine Fields
Panzergrenadier Squad
Panzergrenadier Squad
Construct Light Support Kompanie
Assault Grenadier Squad
2.5-tonne Medical Truck
Panzerjäger Mechanized Group
Fire Support Elements
Flakvierling Half-track
Combat Half-tracks
Construct Mechanized Kompanie
Assault Mechanized Group
Selects Defensive Positions
Selects Butterfly Bomb Drop
Selects Tank Busters
Selects Crew Shock Tactics
Marder III Tank Destroyer
Mo-J
Wheeler
fenerx
Bradare
0
0

Comments sign in to comment!

No comments posted yet!